BR
INDIAN HILLS VOODOO @ YELLOWKNIFE CLAWS
09/19/2026
 
TOP OF THE 1ST
Indian Hills Voodoo batting - Pitching for Yellowknife Claws : LHP Stanley Wise
Pitching: LHP Stanley Wise
Batting: SHB Alberto García 0-0: Ball
1-0: Called Strike
1-1: Ground out 6-3 (Groundball, 6)
Batting: RHB Bob McDonald 0-0: Called Strike
0-1: SOLO HOME RUN (Flyball, 78XD), Distance : 419 ft
Batting: RHB Arturo Camacho 0-0: Ground out 6-3 (Groundball, 6M)
Batting: SHB Sean Moody 0-0: Foul Ball, location: 2F
0-1: Ball
1-1: Ball
2-1: Called Strike
2-2: Ball
3-2: Strikes out looking
Top of the 1st over - 1 run(s), 1 hit(s), 0 error(s), 0 left on base; Indian Hills 1 - Yellowknife 0
BOTTOM OF THE 1ST
Yellowknife Claws batting - Pitching for Indian Hills Voodoo : LHP Zak Smith
Pitching: LHP Zak Smith
Batting: SHB José Castillo 0-0: Called Strike
0-1: Ball
1-1: Ball
2-1: Bunted foul
2-2: Ball
3-2: Foul Ball, location: 2F
3-2: Strikes out swinging
Batting: RHB Carlos Uribe 0-0: Called Strike
0-1: Called Strike
0-2: Ball
1-2: Strikes out swinging
Batting: LHB Carter Sweet 0-0: Ball
1-0: Ball
2-0: Ball
3-0: Called Strike
3-1: Foul Ball, location: 2F
3-2: Base on Balls
Batting: SHB Héctor Padilla 0-0: Ground out 6-3 (Groundball, 6)
Bottom of the 1st over - 0 run(s), 0 hit(s), 0 error(s), 1 left on base; Indian Hills 1 - Yellowknife 0
TOP OF THE 2ND
Indian Hills Voodoo batting - Pitching for Yellowknife Claws : LHP Stanley Wise
Batting: RHB Glen MacDonald 0-0: Called Strike
0-1: Foul Ball, location: 2F
0-2: SINGLE (Line Drive, 34)
Batting: SHB Kenneth Cruz 0-0: Ball
1-0: Called Strike
1-1: Fly out, F1 (Line Drive, 15)
Batting: RHB Bobby Hulsey 0-0: Ball
1-0: Foul Ball, location: 2F
1-1: Foul Ball, location: 2F
1-2: Ball
2-2: Ball
3-2: Base on Balls
Glen MacDonald to second
Batting: RHB Mike Cleveland 0-0: Called Strike
0-1: Swinging Strike
0-2: Ball
1-2: Ball
2-2: Foul Ball, location: 2F
2-2: Ball
3-2: SINGLE (Groundball, 6MD)
Glen MacDonald to third
Bobby Hulsey to second
Runner from 3rd tries for Home, SAFE, no throw or cutoff
Batting: RHB Lawrence Davidson 0-0: Grounds out, U3 (Groundball, 3L)
Bobby Hulsey to third
Batting: SHB Alberto García 0-0: Ball
1-0: Foul Ball, location: 2F
1-1: Foul Ball, location: 2F
1-2: SINGLE (Groundball, 6MD)
Bobby Hulsey scores
Mike Cleveland to third
Runner from 3rd tries for Home, SAFE, no throw or cutoff
Batting: RHB Bob McDonald 0-0: Called Strike
0-1: Ball
1-1: Swinging Strike
1-2: Foul Ball, location: 2F
1-2: Fly out, F9 (Flyball, 89M)
Top of the 2nd over - 3 run(s), 3 hit(s), 0 error(s), 1 left on base; Indian Hills 4 - Yellowknife 0
BOTTOM OF THE 2ND
Yellowknife Claws batting - Pitching for Indian Hills Voodoo : LHP Zak Smith
Batting: RHB Scotty Hicks 0-0: Ball
1-0: Foul Ball, location: 2F
1-1: Foul Ball, location: 2F
1-2: Ball
2-2: Ball
3-2: Foul Ball, location: 2F
3-2: Fly out, F7 (Flyball, 78S)
Batting: LHB Juan Lima 0-0: Called Strike
0-1: Ground out 4-3 (Groundball, 4M)
Batting: LHB Howard White 0-0: Called Strike
0-1: Ball
1-1: Swinging Strike
1-2: Foul Ball, location: 2F
1-2: Ball
2-2: Foul Ball, location: 2F
2-2: Foul Ball, location: 2F
2-2: Strikes out swinging
Bottom of the 2nd over - 0 run(s), 0 hit(s), 0 error(s), 0 left on base; Indian Hills 4 - Yellowknife 0
TOP OF THE 3RD
Indian Hills Voodoo batting - Pitching for Yellowknife Claws : LHP Stanley Wise
Batting: RHB Arturo Camacho 0-0: SINGLE (Line Drive, 6M)
Batting: SHB Sean Moody 0-0: Ball
1-0: Grounds into double play, 4-6-3 (Groundball, 34)
Batting: RHB Glen MacDonald 0-0: SINGLE (Line Drive, 9S)
Batting: SHB Kenneth Cruz 0-0: SINGLE (Line Drive, 56)
Glen MacDonald to second
Batting: RHB Bobby Hulsey 0-0: Ball
1-0: Ball
2-0: SINGLE (Groundball, 56D)
Glen MacDonald to third
Kenneth Cruz to second
Runner from 3rd tries for Home, SAFE, no throw or cutoff
Batting: RHB Mike Cleveland 0-0: Ball
1-0: Ball
2-0: Called Strike
2-1: Swinging Strike
2-2: Strikes out swinging
Top of the 3rd over - 1 run(s), 4 hit(s), 0 error(s), 2 left on base; Indian Hills 5 - Yellowknife 0
BOTTOM OF THE 3RD
Yellowknife Claws batting - Pitching for Indian Hills Voodoo : LHP Zak Smith
Batting: RHB Charlie Pérez 0-0: Ground out 5-3 (Groundball, 56)
Batting: RHB Fernando Álvarez 0-0: Ground out 1-3 (Groundball, 15)
Batting: SHB José Castillo 0-0: Foul Ball, location: 2F
0-1: Ball
1-1: Called Strike
1-2: Ball
2-2: Fly out, F4 (Popup, 4M)
Bottom of the 3rd over - 0 run(s), 0 hit(s), 0 error(s), 0 left on base; Indian Hills 5 - Yellowknife 0
TOP OF THE 4TH
Indian Hills Voodoo batting - Pitching for Yellowknife Claws : LHP Stanley Wise
Batting: RHB Lawrence Davidson 0-0: SINGLE (Groundball, 4M)
Batting: SHB Alberto García 0-0: Called Strike
0-1: Ball
1-1: Ball
2-1: Ball
3-1: Swinging Strike
3-2: 2-RUN HOME RUN (Flyball, 7D), Distance : 400 ft
Pitching: RHP Bob Bishop
Batting: RHB Bob McDonald 0-0: Ground out 3-1 (Groundball, 34S)
Batting: RHB Arturo Camacho 0-0: Foul Ball, location: 2F
0-1: Called Strike
0-2: Ball
1-2: SINGLE (Groundball, 34D)
Batting: SHB Sean Moody 0-0: Ball
1-0: Fly out, F9 (Line Drive, 9S)
Batting: RHB Glen MacDonald 0-0: Called Strike
0-1: Called Strike
0-2: Foul Ball, location: 2F
0-2: Foul Ball, location: 2F
0-2: Fielders Choice at 2nd, 6-4 (Groundball, 6)
Top of the 4th over - 2 run(s), 3 hit(s), 0 error(s), 0 left on base; Indian Hills 7 - Yellowknife 0
BOTTOM OF THE 4TH
Yellowknife Claws batting - Pitching for Indian Hills Voodoo : LHP Zak Smith
Batting: RHB Carlos Uribe 0-0: Ball
1-0: Ball
2-0: Ground out 6-3 (Groundball, 6)
Batting: LHB Carter Sweet 0-0: Ball
1-0: Called Strike
1-1: Ball
2-1: Foul Ball, location: 2F
2-2: Strikes out looking
Batting: SHB Héctor Padilla 0-0: Ball
1-0: Swinging Strike
1-1: Ground out 6-3 (Groundball, 6)
Bottom of the 4th over - 0 run(s), 0 hit(s), 0 error(s), 0 left on base; Indian Hills 7 - Yellowknife 0
TOP OF THE 5TH
Indian Hills Voodoo batting - Pitching for Yellowknife Claws : RHP Bob Bishop
Batting: SHB Kenneth Cruz 0-0: Called Strike
0-1: SINGLE (Line Drive, 4MD)
Batting: RHB Bobby Hulsey 0-0: Ball
1-0: Swinging Strike
1-1: SINGLE (Line Drive, 89M)
Kenneth Cruz to second
Batting: RHB Mike Cleveland 0-0: Ball
1-0: Called Strike
1-1: Ball
2-1: Ground out 4-3 (Groundball, 4M)
Kenneth Cruz to third
Bobby Hulsey to second
Batting: RHB Lawrence Davidson 0-0: Ground out 4-3 (Groundball, 4)
Kenneth Cruz scores
Bobby Hulsey to third
Batting: SHB Alberto García 0-0: Called Strike
0-1: Ball
1-1: Called Strike
1-2: Ball
2-2: Foul Ball, location: 2F
2-2: Fly out, F7 (Flyball, 78M)
Top of the 5th over - 1 run(s), 2 hit(s), 0 error(s), 1 left on base; Indian Hills 8 - Yellowknife 0
BOTTOM OF THE 5TH
Yellowknife Claws batting - Pitching for Indian Hills Voodoo : LHP Zak Smith
Batting: RHB Scotty Hicks 0-0: Ball
1-0: Fly out, F9 (Flyball, 9M)
Batting: LHB Juan Lima 0-0: Fly out, F8 (Flyball, 8LS)
Batting: LHB Howard White 0-0: Called Strike
0-1: Ball
1-1: Called Strike
1-2: Ball
2-2: Strikes out swinging
Bottom of the 5th over - 0 run(s), 0 hit(s), 0 error(s), 0 left on base; Indian Hills 8 - Yellowknife 0
TOP OF THE 6TH
Indian Hills Voodoo batting - Pitching for Yellowknife Claws : RHP Bob Bishop
Batting: RHB Bob McDonald 0-0: Called Strike
0-1: Ball
1-1: Ball
2-1: SINGLE (Flyball, 9LS)
Batting: RHB Arturo Camacho 0-0: Ball
Balk!
Bob McDonald to second
1-0: Ball
2-0: Foul Ball, location: 2F
2-1: Ball
3-1: SINGLE (Line Drive, 9S)
Bob McDonald to third
Batting: SHB Sean Moody 0-0: SINGLE (Groundball, 4MD)
Bob McDonald scores
Arturo Camacho to second
Runner from 2nd tries for 3rd, SAFE, throw made to third
Batting: RHB Glen MacDonald 0-0: Called Strike
0-1: Fly out, F6 (Popup, 56D)
Batting: SHB Kenneth Cruz 0-0: DOUBLE (Groundball, 5L)
Arturo Camacho scores
Sean Moody to third
Batting: RHB Bobby Hulsey 0-0: Called Strike
0-1: SINGLE (Line Drive, 56)
Sean Moody scores
Kenneth Cruz to third
Batting: RHB Mike Cleveland 0-0: Ball
Single, Error in OF, E8, batter to second base
Kenneth Cruz scores
Bobby Hulsey to third
Batting: RHB Lawrence Davidson 0-0: Fly out, F9 (Flyball, 9LSF)
Runner from 3rd tags up, SCORES, no throw
Batting: SHB Alberto García 0-0: Ball
1-0: Ball
2-0: Fly out, F9 (Flyball, 89M)
Top of the 6th over - 5 run(s), 6 hit(s), 1 error(s), 1 left on base; Indian Hills 13 - Yellowknife 0
BOTTOM OF THE 6TH
Yellowknife Claws batting - Pitching for Indian Hills Voodoo : LHP Zak Smith
Batting: RHB Charlie Pérez 0-0: Called Strike
0-1: Called Strike
0-2: Foul Ball, location: 2F
0-2: Strikes out swinging
Batting: RHB Fernando Álvarez 0-0: Swinging Strike
0-1: Ball
1-1: Called Strike
1-2: Ball
2-2: Foul Ball, location: 2F
2-2: SINGLE (Flyball, 6D)
Batting: SHB José Castillo 0-0: Ball
1-0: Called Strike
1-1: Ball
2-1: Ball
Fernando Álvarez is caught stealing 2nd base
3-1: Foul Ball, location: 2F
3-2: Foul Ball, location: 2F
3-2: Foul Ball, location: 2F
3-2: Ground out 6-3 (Groundball, 6)
Bottom of the 6th over - 0 run(s), 1 hit(s), 0 error(s), 0 left on base; Indian Hills 13 - Yellowknife 0
TOP OF THE 7TH
Indian Hills Voodoo batting - Pitching for Yellowknife Claws : RHP Bob Bishop
Batting: RHB Bob McDonald 0-0: Swinging Strike
0-1: Called Strike
0-2: Ball
1-2: Fly out, F8 (Flyball, 8RXD)
Batting: RHB Arturo Camacho 0-0: Ball
1-0: Ball
2-0: Foul Ball, location: 2F
2-1: Foul Ball, location: 2F
2-2: DOUBLE (Groundball, 3L)
Batting: SHB Sean Moody 0-0: Ball
1-0: Ball
2-0: Ball
3-0: Base on Balls
Batting: RHB Glen MacDonald Balk!
Arturo Camacho to third
Sean Moody to second
0-0: Foul Ball, location: 2F
0-1: Ball
1-1: SINGLE (Line Drive, 7S)
Arturo Camacho scores
Sean Moody to third
Batting: SHB Kenneth Cruz 0-0: Called Strike
0-1: Foul Ball, location: 2F
0-2: Ball
1-2: Ball
2-2: Fly out, F7 (Flyball, 7M)
Runner from 3rd tags up, OUT at HOME
Top of the 7th over - 1 run(s), 2 hit(s), 0 error(s), 1 left on base; Indian Hills 14 - Yellowknife 0
BOTTOM OF THE 7TH
Yellowknife Claws batting - Pitching for Indian Hills Voodoo : LHP Zak Smith
Batting: RHB Carlos Uribe 0-0: Ball
1-0: Called Strike
1-1: Ground out 5-3 (Groundball, 56)
Pitching: LHP Anthony Tamburrino
Batting: LHB Carter Sweet 0-0: Ball
1-0: Foul Ball, location: 2F
1-1: Foul Ball, location: 2F
1-2: Foul Ball, location: 2F
1-2: Fly out, F9 (Flyball, 89XD)
Batting: SHB Héctor Padilla 0-0: Ball
1-0: Called Strike
1-1: Foul Ball, location: 2F
1-2: Ball
2-2: Foul Ball, location: 2F
2-2: Strikes out swinging
Bottom of the 7th over - 0 run(s), 0 hit(s), 0 error(s), 0 left on base; Indian Hills 14 - Yellowknife 0
TOP OF THE 8TH
Indian Hills Voodoo batting - Pitching for Yellowknife Claws : RHP Bob Bishop
Batting: RHB Bobby Hulsey 0-0: Ball
1-0: Fly out, F4 (Popup, 34D)
Batting: RHB Mike Cleveland 0-0: DOUBLE (Line Drive, 78M)
Batting: RHB Lawrence Davidson 0-0: Ball
Wild Pitch!
Mike Cleveland to third
1-0: Called Strike
1-1: Ball
2-1: Foul Ball, location: 2F
2-2: SINGLE (Line Drive, 89S)
Mike Cleveland scores
Pinch Hitting: LHB Amlak Saitoti 0-0: Fielders Choice at 2nd, 1-6 (Groundball, 15)
Pinch Hitting: SHB Pancho Ruíz 0-0: Ball
1-0: Ball
2-0: Called Strike
2-1: Ball
3-1: Foul Ball, location: 2F
3-2: Base on Balls
Amlak Saitoti to second
Batting: RHB Arturo Camacho 0-0: Foul Ball, location: 2F
0-1: Ball
1-1: Swinging Strike
1-2: Strikes out swinging
Top of the 8th over - 1 run(s), 2 hit(s), 0 error(s), 2 left on base; Indian Hills 15 - Yellowknife 0
BOTTOM OF THE 8TH
Yellowknife Claws batting - Pitching for Indian Hills Voodoo : LHP Anthony Tamburrino
Now at 2B: Amlak Saitoti
Now in CF: Doug Hunt
Batting: RHB Scotty Hicks 0-0: Ball
1-0: Ball
2-0: Foul Ball, location: 2F
2-1: Ball
3-1: Called Strike
3-2: SINGLE (Groundball, 56D)
Batting: LHB Juan Lima 0-0: Ball
1-0: Called Strike
1-1: Foul Ball, location: 2F
1-2: Strikes out swinging
Batting: LHB Howard White 0-0: Ball
1-0: Ball
2-0: SINGLE (Line Drive, 4D)
Scotty Hicks to second
Batting: RHB Charlie Pérez 0-0: Foul Ball, location: 2F
0-1: Fly out, F7 (Flyball, 78M)
Batting: RHB Fernando Álvarez 0-0: Called Strike
0-1: Foul Ball, location: 2F
0-2: Foul Ball, location: 2F
0-2: Fly out, F9 (Flyball, 89M)
Bottom of the 8th over - 0 run(s), 2 hit(s), 0 error(s), 2 left on base; Indian Hills 15 - Yellowknife 0
TOP OF THE 9TH
Indian Hills Voodoo batting - Pitching for Yellowknife Claws : RHP Bob Bishop
Pitching: RHP Cris Lugo
Batting: SHB Sean Moody 0-0: Ground out 1-3 (Groundball, 15)
Batting: RHB Glen MacDonald 0-0: SINGLE (Line Drive, 6M)
Batting: SHB Kenneth Cruz 0-0: Ball
1-0: Fly out, F7 (Flyball, 7LMF)
Batting: RHB Bobby Hulsey 0-0: Ball
1-0: Called Strike
1-1: Ball
2-1: Fly out, F3 (Popup, 3L)
Top of the 9th over - 0 run(s), 1 hit(s), 0 error(s), 1 left on base; Indian Hills 15 - Yellowknife 0
BOTTOM OF THE 9TH
Yellowknife Claws batting - Pitching for Indian Hills Voodoo : LHP Anthony Tamburrino
Now in RF: William Knisley
Batting: SHB José Castillo 0-0: Called Strike
0-1: Ball
1-1: Foul Ball, location: 2F
1-2: Ball
2-2: Strikes out swinging
Batting: RHB Carlos Uribe 0-0: Ball
1-0: Ball
2-0: Fly out, F4 (Popup, 4S)
Batting: LHB Carter Sweet 0-0: DOUBLE (Flyball, 78D)
Batting: SHB Héctor Padilla 0-0: Ball
1-0: Called Strike
1-1: SINGLE (Groundball, 5D)
Carter Sweet to third
Runner from 3rd tries for Home, SAFE, no throw or cutoff
Batting: RHB Scotty Hicks 0-0: Foul Ball, location: 2F
0-1: Ground out 5-3 (Groundball, 56)
Bottom of the 9th over - 1 run(s), 2 hit(s), 0 error(s), 1 left on base; Indian Hills 15 - Yellowknife 1
Monday, December 5th, 2016 - OOTP Baseball 17.12 Build 75